 Dungeon Crawl Stone Soup version 0.29-a0-338-g1ff7896281 (webtiles) character file.

Game seed: 11631507554139622668

94248 spaghetti the Contemplative (level 15, -10/129 HPs)
             Began as a Deep Dwarf Necromancer on Apr 17, 2022.
             Was a Priest of Cheibriados.
             Mangled by a naga sharpshooter
             ... wielding a +0 glaive
              (27 damage)
             ... on level 1 of the Snake Pit.
             The game lasted 01:43:03 (32495 turns).

spaghetti the Contemplative (DDNe)                 Turns: 32495, Time: 01:43:04

Health: -10/129    AC: 18    Str: 21    XL:     15   Next: 63%
Magic:  5/21       EV: 13    Int: 34    God:    Cheibriados [***...]
Gold:   210        SH:  0    Dex: 25    Spells: 4/34 levels left

rFire   x . .      SeeInvis .   L - +3 executioner's axe (vorpal) {axerare=g}
rCold   + + +      Faith    +   (shield currently unavailable)
rNeg    + + +      Spirit   .   d - +1 plate armour {rC+}
rPois   .          Reflect  .   R - +5 helmet of the Ten Nightingales {*Corrode rF- rC++ rN+++}
rElec   .          Harm     .   D - +0 cloak
rCorr   .          Rampage  .   U - +0 pair of gloves
Will    ++...                   p - +1 pair of boots of Exclusion {Dex+2}
Stlth   ..........              O - amulet of faith {!P}
HPRegen 0.00/turn               S - +6 ring of intelligence
MPRegen 0.17/turn               A - +4 ring of evasion

@: lethally poisoned (-10 -> -10), wereblooded, corroded, slowed, constricted,
very slow
A: damage resistance, heal wounds, negative energy resistance 1, sense
surroundings 2, no regeneration, talons 1, thin skeletal structure 1,
deterioration 1, dopey 1
a: Heal Wounds, Renounce Religion, Bend Time, Temporal Distortion


You were on level 1 of the Snake Pit.
You worshipped Cheibriados.
Cheibriados was most pleased with you.
You visited 5 branches of the dungeon, and saw 25 of its levels.

You collected 2014 gold pieces.
You spent 1804 gold pieces at shops.


Innate Abilities, Weirdness & Mutations

You are resistant to damage.
You can heal yourself by infusing magical energy.
You resist negative energy. (rN+)
You passively map the area around you.
You do not regenerate.
You have sharp toenails.
You have a somewhat thin skeletal structure. (Dex +2, Stealth+)
Your body sometimes deteriorates upon taking damage.
You are dopey. (Int -2)


   Skills:
 + Level 7.4 Fighting
 + Level 8.8 Armour
 + Level 9.1 Dodging
 - Level 2.4 Stealth
 + Level 10.2 Spellcasting
 + Level 8.7 Summonings
 + Level 12.3 Necromancy
 - Level 10.0 Translocations
 - Level 5.1 Transmutations
 * Level 17.3 Invocations


You had 4 spell levels left.
You knew the following spells:

 Your Spells              Type           Power      Damage    Failure   Level
a - Pain                  Necr           100%       1d9       1%          1
b - Vampiric Draining     Necr           80%        2d11      1%          3
c - Animate Dead          Necr           40%        N/A       2%          4
d - Excruciating Wounds   Necr           40%        N/A       8%          5
e - Dispel Undead         Necr           80%        3d26      2%          4
f - Sublimation of Blood  Necr           80%        N/A       1%          2
g - Wereblood             Tmut           51%        N/A       8%          2
h - Summon Forest         Summ/Tloc      34%        N/A       26%         5
i - Anguish               Hex/Necr       28%        N/A       32%         4

Your spell library contained the following spells:

 Spells                   Type           Power      Damage    Failure   Level
 Animate Skeleton         Necr           100%       N/A       1%          1
 Passwall                 Tmut/Erth      28%        N/A       22%         2
 Slow                     Hex            68%        N/A       41%         1
 Spider Form              Tmut/Pois      34%        N/A       41%         3
 Ensorcelled Hibernation  Hex/Ice        34%        N/A       54%         2
 Static Discharge         Conj/Air       17%        N/A       54%         2
 Ignite Poison            Fire/Tmut/Pois 29%        N/A       54%         3
 Confusing Touch          Hex            17%        N/A       78%         3
 Mephitic Cloud           Conj/Pois/Air  17%        N/A       78%         3
 Swiftness                Air            17%        N/A       78%         3
 Ice Form                 Ice/Tmut       34%        N/A       83%         4
 Hailstorm                Conj/Ice       17%        3d6       99%         4
 Sticky Flame             Conj/Fire      17%        2d4       99%         4
 Agony                    Necr           80%        N/A       8%          5
 Summon Cactus Giant      Summ           33%        N/A       87%         6
 Summon Mana Viper        Hex/Summ       47%        N/A       89%         5
 Simulacrum               Ice/Necr       28%        N/A       99%         6
 Freezing Cloud           Conj/Ice/Air   8%         6-21      100%        5
 Summon Hydra             Summ           33%        N/A       100%        7

Inventory:

Hand Weapons
 L - a +3 vorpal executioner's axe (weapon) {axerare=g}
   (You bought it in a shop on level 9 of the Dungeon)
Missiles
 c - 757 stones {throwing}
 n - a throwing net {=f!fthrowing}
 u - 5 curare-tipped darts {=fthrowing}
 w - 32 boomerangs {throwing}
 H - 4 atropa-tipped darts {throwing}
 M - 9 poisoned darts {throwing}
 Q - 5 silver boomerangs {throwing}
 Y - 9 javelins {throwing}
Armour
 d - a +1 plate armour of cold resistance (worn)
   (You took it off an orc warrior on level 7 of the Dungeon)
 p - the +1 pair of boots of Exclusion (worn) {Dex+2}
   (You found it on level 5 of the Lair of Beasts)

   Dex:       It affects your dexterity (+2).
 D - a +0 cloak (worn)
   (You found it on level 13 of the Dungeon)
 R - the +5 helmet of the Ten Nightingales (worn) {*Corrode rF- rC++ rN+++}
   (You acquired it on level 2 of the Orcish Mines)

   rF:        It makes you vulnerable to fire.
   rC:        It greatly protects you from cold.
   rN:        It renders you almost immune to negative energy.
   *Corrode:  It may corrode you when you take damage.
 U - a +0 pair of gloves (worn)
   (You found it on level 7 of the Dungeon)
Jewellery
 o - a ring of protection from cold
   (You found it on level 5 of the Lair of Beasts)
 r - an amulet of guardian spirit
   (You took it off a spriggan on level 6 of the Lair of Beasts)
 z - a ring of protection from fire
   (You found it on level 4 of the Lair of Beasts)
 A - a +4 ring of evasion (right hand)
   (You found it on level 5 of the Dungeon)
 F - a +6 ring of strength
   (You took it off an efreet on level 14 of the Dungeon)
 N - a ring of flight
   (You took it off an orc on level 7 of the Dungeon)
 O - an amulet of faith (around neck) {!P}
   (You found it on level 8 of the Dungeon)
 S - a +6 ring of intelligence (left hand)
   (You found it on level 2 of the Lair of Beasts)
 Z - an amulet of the acrobat
   (You found it on level 14 of the Dungeon)
Wands
 f - a wand of iceblast (6)
   (You found it on level 13 of the Dungeon)
 m - a wand of paralysis (4)
   (You found it on level 5 of the Lair of Beasts)
 q - a wand of digging (6)
   (You found it on level 6 of the Lair of Beasts)
Scrolls
 e - 3 scrolls of fog
 h - 3 scrolls of silence {!r}
 i - 2 scrolls of immolation {!r!r}
 j - 5 scrolls of teleportation {@r4}
 t - a scroll of holy word
 C - 2 scrolls of vulnerability {!r!r}
 G - 6 scrolls of enchant armour
 I - 4 scrolls of magic mapping {!r}
 J - 9 scrolls of identify {@r1}
 P - a scroll of torment {!r}
Potions
 g - 4 potions of flight
 k - 6 potions of mutation {!q}
 x - 2 potions of haste {forbidden@q3}
 B - 4 potions of attraction {!q}
 E - a potion of lignification {!q}
 K - 5 potions of brilliance
 W - 2 potions of resistance
Miscellaneous
 l - a condenser vane
   (You found it on level 4 of the Lair of Beasts)
 v - a box of beasts
   (You found it on level 1 of the Lair of Beasts)
 T - a phial of floods
   (You found it on level 13 of the Dungeon)
 V - a phantom mirror
   (You found it on level 15 of the Dungeon)
 X - a piece from Xom's chessboard (15/15) {forbidden}
   (You found it on level 15 of the Dungeon)

Dungeon Overview and Level Annotations

Branches:
Dungeon (15/15)            Temple (0/1) D:5            Lair (6/6) D:9
 Shoals (1/4) Lair:4        Snake (1/4) Lair:3        Slime (0/5) Lair:6
    Orc (2/2) D:11            Elf (0/3) Orc:2        Vaults (0/5) D:14
 Depths (0/4) D:15

Altars:
Cheibriados
Dithmenos
Nemelex Xobeh
Okawaru
Ru
Trog

Shops:
D:2 ?   D:4 *   D:9 *   D:11 (   Orc:2 ([*=*

Annotations:
D:4 3 runed translucent doors, Laraso's ghost, amateur DjFE
D:5 1 runed translucent door, Crazy Yiuf
D:10 1 runed translucent door, exclusion: door
D:12 1 exclusion
Lair:6 exclusion: oklob plant

* , ,
####....... , ≈
##.......... ,
,, ##...........
,,
##.....N.....N
,, ,
#............. ,
#.......N..... ,
#....NN.N..N..
#....N@S8N>.†.
#....NSS...... *
#......N>..... *
#..N.NN.......
#.............
*#.!............
...............
***
...............
** ,, ,,


You could see 3 naga warriors, 2 naga sharpshooters, an anaconda, a shock
serpent, a mana viper, 6 naga magi and 3 nagas.


Message History

You can no longer inflict damage on those overly hasty.
Cheibriados lowers the support of your attributes as your movement quickens.
The shock serpent's electric aura discharges violently, shocking you!
* * * LOW HITPOINT WARNING * * *
The anaconda bites you!
* * * LOW HITPOINT WARNING * * *
The anaconda constricts you.
* * * LOW HITPOINT WARNING * * *
The mana viper bites you but does no damage.
The naga sharpshooter spits poison at you.
The splash of poison hits you.
You are more poisoned.
* * * LOW HITPOINT WARNING * * *
Your corrosive artefact corrodes you!
The naga warrior roars a battlecry!
The naga magi go into a battle-frenzy!
The naga mage gestures at the naga while chanting.
The naga seems to grow toxic.
A naga mage comes into view. It is wielding a +0 club.
The anaconda bites you but does no damage.
The anaconda constricts you.
The naga mage mumbles some strange words.
The naga mage seems to speed up.
The naga sharpshooter shoots a bolt.
The bolt hits you!
* * * LOW HITPOINT WARNING * * *
The mana viper misses you.
The naga warrior roars a battlecry!
The naga mage goes into a battle-frenzy!
The shock serpent bites you!
* * * LOW HITPOINT WARNING * * *
The shock serpent shocks you!
* * * LOW HITPOINT WARNING * * *
You feel your intelligence returning.
Unknown command. 😱 HP[-32] MP[-4]
You take 32 damage, and now have 7/129 hp.
MASSIVE DAMAGE!! (PAUSE)
You lost 4 mp, and now have 16/22 mp.
Unknown command.
Unknown command.
Okay, then.
Okay, then.
Okay, then.
Unknown command.
Okay, then.
Unknown command.
Okay, then.
Okay, then.
Your magical essence is drained by the effort!
You feel much better. The anaconda closely misses you.
The anaconda constricts you. The mana viper barely misses you.
The anaconda closely misses you. The anaconda constricts you.
The naga mage casts a spell at the naga mage.
The naga mage seems to grow toxic.
The naga mage mumbles some strange words.
The naga mage seems to speed up.
The shock serpent bites you but does no damage.
The naga sharpshooter hits you from afar with a +0 glaive!
* * * LOW HITPOINT WARNING * * *
The naga mage gestures wildly while chanting.
The naga mage seems to speed up.
The naga sharpshooter shoots a bolt.
The bolt barely misses you.
The mana viper bites you but does no damage.
The anaconda closely misses you. The anaconda constricts you.
The naga warrior roars a battlecry!
The naga mage goes into a battle-frenzy!
The shock serpent bites you but does no damage. 😱 HP[+16]
You regained 16 hp, and now have 23/129 hp.
Unknown command.
Unknown command.
Unknown command.
Unknown command.
Unknown command.
You feel much better. The anaconda barely misses you.
The anaconda constricts you. The mana viper bites you.
You feel your power leaking away. The shock serpent misses you.
The naga barely misses you.
The naga sharpshooter closely misses you.
The naga sharpshooter gestures wildly while chanting.
The naga sharpshooter magically shoots a bolt.
The bolt hits you!!
* * * LOW HITPOINT WARNING * * *
Your corrosive artefact corrodes you!
The naga mage spits poison at you.
The splash of poison hits you but does no damage.
You are more poisoned.
The anaconda bites you but does no damage.
The anaconda constricts you.
A naga warrior comes into view. It is wielding a +0 scimitar.
The naga mage hits you but does no damage.
The naga warrior roars a battlecry!
The naga warrior goes into a battle-frenzy!
The mana viper bites you!
* * * LOW HITPOINT WARNING * * *
You feel your power leaking away.
The shock serpent bites you but does no damage.
The naga mage closely misses you.
The naga sharpshooter hits you from afar with a +0 glaive!!
You die...

Skill      XL: |  1  2  3  4  5  6  7  8  9 10 11 12 13 14 15 |
---------------+----------------------------------------------+-----
Invocations    | 1 3 4 5 6 7 9 11 12 14 16 17 | 17.3
Necromancy     | 5 6 7 8 9 12 | 12.3
Armour         | 1 2 3 4 6 7 8 |  8.8
Fighting       | 1 2 3 4 5 6 7 |  7.4
Dodging        | 3 4 5 6 7 8 9 |  9.1
Spellcasting   | 3 5 7 10 | 10.2
Translocations | 1 3 6 9 10 | 10.0
Summonings     | 1 3 5 7 8 |  8.7
Transmutations | 4 5 |  5.1
Stealth        | |  2.4

Action                   |  1- 3 |  4- 6 |  7- 9 | 10-12 | 13-15 || total
-------------------------+-------+-------+-------+-------+-------++-------
Melee: Unarmed           |    16 |       |       |       |       ||    16
       Dagger            |    37 |   151 |   184 |   138 |       ||   510
       Punch             |       |     1 |     6 |     1 |       ||     8
       Whip              |       |       |    11 |       |       ||    11
       Executioner's axe |       |       |       |    94 |   394 ||   488
 Fire: Hunting sling     |       |       |    33 |     4 |       ||    37
 Cast: Pain              |    40 |    49 |    21 |   142 |   144 ||   396
       Vampiric Draining |     4 |    31 |    86 |   257 |   296 ||   674
       Dispel Undead     |       |       |       |     4 |    10 ||    14
       Animate Dead      |       |       |       |     8 |    25 ||    33
       Wereblood         |       |       |       |    18 |    58 ||    76
       Excruciating Woun |       |       |       |    12 |    27 ||    39
       Summon Forest     |       |       |       |       |    33 ||    33
       Sublimation of Bl |       |       |       |       |     9 ||     9
Invok: Bend Time         |       |     1 |     2 |     1 |       ||     4
       Slouch            |       |       |     2 |    11 |    13 ||    26
       Step From Time    |       |       |       |       |     6 ||     6
       Temporal Distorti |       |       |       |       |     8 ||     8
 Abil: Heal Wounds       |     1 |       |     1 |     4 |    17 ||    23
Evoke: Wand              |       |       |       |     9 |     6 ||    15
       Box of beasts     |       |       |       |       |     2 ||     2
       Phial of floods   |       |       |       |       |     1 ||     1
       Condenser vane    |       |       |       |       |     1 ||     1
  Use: Potion            |     3 |     1 |       |    10 |     6 ||    20
       Scroll            |       |     2 |    12 |     8 |    14 ||    36
 Stab: Sleeping          |       |       |     1 |       |       ||     1
       Distracted        |       |       |       |     2 |       ||     2
Armor: Robe              |    11 |    12 |       |       |       ||    23
       Animal skin       |       |    27 |       |       |       ||    27
       Leather armour    |       |       |    88 |       |    35 ||   123
       Acid dragon scale |       |       |       |   112 |       ||   112
       Plate armour      |       |       |       |    44 |   460 ||   504
Dodge: Dodged            |    45 |    97 |   311 |   699 |  1282 ||  2434

Levels and vault maps discovered:
D:1:      giann_horns, layout_basic, shapermc_ecumenical_altar_petra
D:2:      layout_rooms, serial_shops, shop, uniq_terence
D:3:      layout_basic, uniq_robin
D:4:      layout_layer_cave, serial_shops, nicolae_shop_trees,
          portal_sewer_entry_b, gammafunk_ghost_split, grunt_ministairs_5,
          dk_noncrumbling_2, uniq_duvessa
D:5:      layout_basic, lemuel_temple_firewalk_b, uniq_menkaure,
          uniq_crazy_yiuf_cottage
D:6:      layout_gridville, minmay_misc_feat_columns, uniq_pikel, uniq_maggie
D:7:      layout_layer_cave
D:8:      layout_loops_ring
D:9:      layout_basic, nicolae_ru_sacrificial_ziggurat, erik_lair_dragon,
          serial_shops, nicolae_shop_stone
D:10:     layout_loops_ring, minivault_13
D:11:     layout_cave_pools, david_orc_1_choice, serial_shops,
          nicolae_shop_hallway_stairs, grunt_dithmenos_smoke, uniq_harold
D:12:     layout_stronghold, serial_shops, nicolae_shop_statue_plus
D:13:     layout_gridville, chequers_mini_garden, uniq_jorgrun
D:14:     layout_gridville, david_vaults_3, serial_park_square2
D:15:     gammafunk_enter_depths_forms, layout_cross,
          nemelex_xobeh_ov_fountains_minmay, uniq_josephine
Lair:1:   layout_cave_pods, chequers_serial_rivers_micro_e
Lair:2:   layout_small_grid, minmay_lindwurm_lava, lemuel_fruit_tree,
          serial_bayou_shore_b
Lair:3:   layout_chaotic_city, minmay_snake_entry_six_corridors,
          grunt_megastairs_1, lemuel_fruit_fields, uniq_rupert
Lair:4:   layout_cave_pods, elwin_shoals_entry_rooms, uniq_urug
Lair:5:   layout_gridlike
Lair:6:   hellmonk_lair_end_abyssal_woods, layout_misc_corridors,
          minmay_slime_entry_oklob_open, uniq_sonja
Shoals:1: layout_shoals, uniq_donald
Snake:1:  layout_rooms, serial_shops, nicolae_shop_hallway_plus,
          grunt_ministairs_10, evilmike_ambush [evilmike_ambush_outer_basic,
          evilmike_ambush_inner_basic], minmay_shop_star, uniq_aizul,
          uniq_frances, uniq_agnes
Orc:1:    nicolae_orc_accident_2, layout_caves, basic_altar,
          nicolae_volcano_entry_vermiform, okawaru_metal_pillars_1_2
Orc:2:    st_orc_congregation, layout_caves, basic_altar,
          nicolae_alphabet_shops, minmay_orc_keep

Notes
Turn   | Place    | Note
-------+----------+-------------------------------------------
     0 | D:1      | spaghetti the Deep Dwarf Necromancer began the quest for
                  | the Orb.
     0 | D:1      | Reached XP level 1. HP: 15/15 MP: 3/3
     0 | D:1      | magus.rc [v1.9.6]
    85 | D:1      | Reached skill level 1 in Invocations
   157 | D:1      | HP: 3/15 [frozen (2)]
   160 | D:1      | Reached XP level 2. HP: 2/22 MP: 2/4
   166 | D:1      | Reached skill level 2 in Invocations
   291 | D:1      | Found a faded altar of an unknown god.
   297 | D:1      | Prayed at the altar of an unknown god.
   297 | D:1      | Became a worshipper of Cheibriados the Contemplative
   297 | D:1      | Reached * piety under Cheibriados
   923 | D:1      | Reached skill level 3 in Invocations
   923 | D:1      | Reached XP level 3. HP: 12/28 MP: 3/5
   992 | D:1      | Learned a level 3 spell: Vampiric Draining
  1159 | D:2      | Reached ** piety under Cheibriados
  1160 | D:2      | Noticed Terence
  1178 | D:2      | Killed Terence
  1179 | D:2      | Reached skill level 5 in Necromancy
  1230 | D:2      | Reached XP level 4. HP: 27/36 MP: 3/6
  1232 | D:2      | Reached skill level 4 in Invocations
  1322 | D:2      | You pick up a book of Debilitation and begin reading...
  1322 | D:2      | You add the spells Slow and Confusing Touch to your
                  | library.
  1464 | D:2      | Identified the -1 pair of boots "Zojaj" {Int+2}
  1752 | D:2      | Found Acko's Magic Scroll Emporium.
  1767 | D:2      | Bought a scroll of identify for 26 gold pieces
  1920 | D:3      | Reached *** piety under Cheibriados
  2098 | D:3      | Reached XP level 5. HP: 42/43 MP: 8/8
  2101 | D:3      | Reached skill level 1 in Armour
  2154 | D:3      | Reached skill level 5 in Invocations
  2351 | D:3      | Noticed Robin
  2368 | D:3      | Reached **** piety under Cheibriados
  2381 | D:3      | Reached skill level 1 in Fighting
  2388 | D:3      | Killed Robin
  2721 | D:4      | Noticed an ogre
  2725 | D:4      | Killed an ogre
  2726 | D:4      | Reached XP level 6. HP: 51/51 MP: 10/10
  2843 | D:4      | Found Puleon's Assorted Antiques.
  2868 | D:4      | Reached skill level 2 in Armour
  2868 | D:4      | Reached skill level 3 in Dodging
  3173 | D:4      | Noticed Laraso's ghost (amateur DjFE)
  3306 | D:4      | Noticed Duvessa
  3307 | D:4      | Noticed Dowan
  3322 | D:4      | Killed Duvessa
  3323 | D:4      | Reached skill level 6 in Invocations
  3344 | D:4      | Killed Dowan
  3345 | D:4      | Reached XP level 7. HP: 43/58 MP: 0/11
  3479 | D:4      | Identified the +9 war axe of Armageddon {vorpal, rElec
                  | rC+++ Str-4 Int-5}
  3556 | D:4      | Found a runed translucent gate.
  3557 | D:4      | Found a runed translucent gate.
  3557 | D:4      | Found a runed translucent gate.
  3561 | D:4      | Reached skill level 2 in Fighting
  4086 | D:4      | Reached ***** piety under Cheibriados
  4276 | D:5      | Entered Level 5 of the Dungeon
  4371 | D:5      | Noticed Menkaure
  4381 | D:5      | Killed Menkaure
  4382 | D:5      | Reached skill level 3 in Armour
  4382 | D:5      | Reached skill level 6 in Necromancy
  4382 | D:5      | Reached skill level 7 in Invocations
  4486 | D:5      | Found a staircase to the Ecumenical Temple.
  4957 | D:5      | Found a runed translucent door.
  4958 | D:5      | Noticed Crazy Yiuf
  4999 | D:5      | Reached skill level 4 in Dodging
  5344 | D:5      | Reached XP level 8. HP: 66/68 MP: 13/13
  5979 | D:6      | Noticed Maggie
  6005 | D:6      | Killed Maggie
  6006 | D:6      | Reached skill level 3 in Fighting
  6006 | D:6      | Reached skill level 4 in Armour
  6006 | D:6      | Reached skill level 8 in Invocations
  6062 | D:6      | Noticed Pikel
  6103 | D:6      | Killed Pikel
  6104 | D:6      | Reached skill level 5 in Dodging
  6104 | D:6      | Reached skill level 7 in Necromancy
  6104 | D:6      | Reached skill level 9 in Invocations
  6109 | D:6      | Learned a level 4 spell: Animate Dead
  6283 | D:6      | Gained mutation: You passively map the area around you.
                  | [Deep Dwarf growth]
  6283 | D:6      | Reached XP level 9. HP: 57/78 MP: 15/16
  6341 | D:6      | You fall into a shaft and drop 3 floors!
  6532 | D:9      | Reached skill level 4 in Fighting
  6532 | D:9      | Reached skill level 5 in Armour
  6723 | D:9      | Found Tiysmew's General Store.
  6731 | D:9      | Bought a +0 executioner's axe for 170 gold pieces
  6731 | D:9      | L - a +0 executioner's axe {axerare=g}
  6739 | D:9      | your +0 executioner's axe {axerare=g} emits a brilliant
                  | flash of light!
  6739 | D:9      | L - a +0 vorpal executioner's axe {axerare=g}
  6740 | D:9      | your +0 vorpal executioner's axe {axerare=g} glows red for
                  | a moment.
  6960 | D:9      | Found a sacrificial altar of Ru.
  7104 | D:9      | Reached skill level 10 in Invocations
  7164 | D:9      | Noticed a komodo dragon
  7172 | D:9      | Killed a komodo dragon
  7214 | D:9      | Reached skill level 6 in Dodging
  7340 | D:9      | Found a staircase to the Lair.
  7364 | D:9      | Reached skill level 11 in Invocations
  7587 | D:10     | Entered Level 10 of the Dungeon
  7614 | D:10     | Noticed a two-headed ogre
  7634 | D:10     | Killed a two-headed ogre
  7635 | D:10     | Reached skill level 6 in Armour
  7635 | D:10     | Reached skill level 8 in Necromancy
  7635 | D:10     | Reached XP level 10. HP: 74/87 MP: 9/18
  7937 | D:10     | Reached skill level 5 in Fighting
  8158 | D:10     | You pick up a book of Pain and begin reading...
  8393 | D:10     | Found a runed translucent door.
  8393 | D:10     | Noticed a boulder beetle
  8685 | D:11     | Reached skill level 2 in Spellcasting
  8746 | D:11     | Noticed a white ugly thing
  8751 | D:11     | Noticed Harold
  8761 | D:11     | Killed a white ugly thing
  8762 | D:11     | Reached skill level 12 in Invocations
  8774 | D:11     | Noticed a boulder beetle
  8784 | D:10     | Killed Harold
  8785 | D:10     | Reached skill level 7 in Dodging
  8894 | D:11     | HP: 7/88 [komodo dragon (23)]
  8899 | D:10     | HP: 8/88 [komodo dragon (18)]
  8901 | D:10     | Reached skill level 3 in Spellcasting
  9138 | D:11     | Killed a boulder beetle
  9308 | D:11     | Found Toysit's Antique Weapon Boutique.
  9343 | D:11     | Found a shadowy altar of Dithmenos.
  9375 | D:11     | Reached skill level 7 in Armour
  9446 | D:11     | You pick up a book of Touch and begin reading...
  9446 | D:11     | You add the spells Static Discharge, Sticky Flame and
                  | Dispel Undead to your library.
  9548 | D:11     | Found a staircase to the Orcish Mines.
  9565 | D:11     | Learned a level 5 spell: Excruciating Wounds
  9610 | D:11     | Reached XP level 11. HP: 87/97 MP: 9/20
  9775 | D:11     | L - a +1 vorpal executioner's axe (weapon) {axerare=g}
 10044 | D:11     | Learned a level 4 spell: Dispel Undead
 10109 | D:12     | Noticed a cyan ugly thing
 10119 | D:12     | Killed a cyan ugly thing
 10120 | D:12     | Reached skill level 4 in Spellcasting
 10120 | D:12     | Reached skill level 13 in Invocations
 10297 | D:12     | Reached skill level 6 in Fighting
 10502 | D:12     | Reached skill level 9 in Necromancy
 10833 | D:12     | You pick up a book of Blood and begin reading...
 10833 | D:12     | You add the spells Sublimation of Blood, Wereblood and
                  | Summon Hydra to your library.
 10853 | D:12     | Gained mutation: You have a somewhat thin skeletal
                  | structure. (Dex +2, Stealth+) [potion of mutation]
 10853 | D:12     | Gained mutation: You have sharp toenails. [potion of
                  | mutation]
 11120 | D:12     | Reached skill level 8 in Dodging
 11313 | D:12     | Found Nikitt's Book Shoppe.
 11346 | D:12     | Gained mutation: You are dopey. (Int -2) [a neqoxec]
 11349 | D:12     | Reached skill level 5 in Spellcasting
 11512 | D:12     | Noticed a white ugly thing
 11531 | D:12     | Killed a white ugly thing
 12134 | D:8      | Learned a level 2 spell: Sublimation of Blood
 12405 | D:8      | You pick up a book of the Wilderness and begin reading...
 12405 | D:8      | You add the spells Summon Forest, Summon Mana Viper and
                  | Summon Cactus Giant to your library.
 12418 | D:8      | Reached skill level 14 in Invocations
 12472 | D:8      | Noticed a two-headed ogre
 12485 | D:8      | Killed a two-headed ogre
 12779 | Orc:1    | Entered Level 1 of the Orcish Mines
 12889 | Orc:1    | Noticed an orc knight
 12899 | Orc:1    | Reached skill level 8 in Armour
 12899 | Orc:1    | Reached skill level 1 in Translocations
 12903 | Orc:1    | Killed an orc knight
 12904 | Orc:1    | Reached skill level 1 in Summonings
 13005 | Orc:1    | Found an iron altar of Okawaru.
 13208 | Orc:1    | Reached XP level 12. HP: 83/106 MP: 19/22
 13460 | Orc:1    | Learned a level 2 spell: Wereblood
 13884 | Orc:2    | Entered Level 2 of the Orcish Mines
 13903 | Orc:1    | L - a +1 vorpal executioner's axe (weapon) {axerare=g}
 14045 | Orc:2    | your +1 vorpal executioner's axe {axerare=g} shrieks in
                  | agony.
 14088 | Orc:1    | your +1 vorpal executioner's axe {axerare=g} seems less
                  | pained.
 14414 | Orc:2    | Found a staircase to the Elven Halls.
 14414 | Orc:2    | Found Audeph's Alliterative Accessories.
 14430 | Orc:2    | Bought a scroll of acquirement for 624 gold pieces
 14430 | Orc:2    | Acquired the +5 helmet of the Ten Nightingales {*Corrode
                  | rF- rC++ rN+++}
 14545 | Orc:2    | Found a bloodstained altar of Trog.
 14546 | Orc:2    | your +1 vorpal executioner's axe {axerare=g} shrieks in
                  | agony.
 14556 | Orc:2    | Noticed an orc warlord
 14559 | Orc:2    | Reached skill level 10 in Necromancy
 14560 | Orc:2    | Reached skill level 1 in Transmutations
 14574 | Orc:2    | Killed an orc warlord
 14575 | Orc:2    | Reached skill level 2 in Transmutations
 14584 | Orc:2    | your +1 vorpal executioner's axe {axerare=g} seems less
                  | pained.
 14780 | Lair:1   | Entered Level 1 of the Lair of Beasts
 14823 | Lair:1   | your +1 vorpal executioner's axe {axerare=g} shrieks in
                  | agony.
 14870 | Lair:1   | your +1 vorpal executioner's axe {axerare=g} seems less
                  | pained.
 15020 | Lair:1   | your +1 vorpal executioner's axe {axerare=g} shrieks in
                  | agony.
 15069 | Lair:1   | your +1 vorpal executioner's axe {axerare=g} seems less
                  | pained.
 15142 | Lair:1   | You pick up a book of Burglary and begin reading...
 15142 | Lair:1   | You add the spells Passwall, Ensorcelled Hibernation and
                  | Swiftness to your library.
 15161 | Lair:1   | Reached skill level 11 in Necromancy
 15169 | Lair:1   | Reached skill level 3 in Transmutations
 15170 | Lair:1   | your +1 vorpal executioner's axe {axerare=g} shrieks in
                  | agony.
 15172 | Lair:1   | your +1 executioner's axe of pain {axerare=g} shrieks in
                  | agony.
 15221 | Lair:1   | your +1 vorpal executioner's axe {axerare=g} seems less
                  | pained.
 15454 | Lair:1   | your +1 vorpal executioner's axe {axerare=g} shrieks in
                  | agony.
 15497 | Lair:1   | your +1 vorpal executioner's axe {axerare=g} seems less
                  | pained.
 15542 | Lair:1   | You fall into a shaft and drop 1 floor!
 15683 | Lair:2   | your +1 vorpal executioner's axe {axerare=g} shrieks in
                  | agony.
 15706 | Lair:2   | your +1 vorpal executioner's axe {axerare=g} seems less
                  | pained.
 15848 | Lair:2   | your +1 vorpal executioner's axe {axerare=g} shrieks in
                  | agony.
 15856 | Lair:2   | your +1 executioner's axe of pain {axerare=g} shrieks in
                  | agony.
 15864 | Lair:2   | Reached skill level 2 in Translocations
 15872 | Lair:2   | Reached skill level 2 in Summonings
 15875 | Lair:2   | Reached skill level 12 in Necromancy
 15875 | Lair:2   | Reached skill level 3 in Translocations
 15875 | Lair:2   | Reached skill level 4 in Transmutations
 15893 | Lair:2   | your +1 vorpal executioner's axe {axerare=g} seems less
                  | pained.
 16347 | Lair:3   | Reached skill level 3 in Summonings
 16672 | Lair:3   | your +1 vorpal executioner's axe {axerare=g} is engulfed in
                  | flames!
 16672 | Lair:3   | L - a +1 executioner's axe of flaming (weapon) {axerare=g}
 16715 | Lair:3   | your +1 executioner's axe of flaming {axerare=g} shrieks in
                  | agony.
 16759 | Lair:3   | your +1 executioner's axe of flaming {axerare=g} seems less
                  | pained.
 16823 | Lair:3   | Found a staircase to the Snake Pit.
 16906 | Lair:3   | your +1 executioner's axe of flaming {axerare=g} shrieks in
                  | agony.
 16920 | Lair:3   | Reached XP level 13. HP: 111/114 MP: 10/23
 16930 | Lair:3   | your +1 executioner's axe of pain {axerare=g} shrieks in
                  | agony.
 16964 | Lair:3   | your +1 executioner's axe of flaming {axerare=g} seems less
                  | pained.
 16965 | Lair:3   | Reached skill level 4 in Translocations
 17098 | Lair:3   | your +1 executioner's axe of flaming {axerare=g} shrieks in
                  | agony.
 17119 | Lair:3   | Reached skill level 15 in Invocations
 17136 | Lair:3   | your +1 executioner's axe of flaming {axerare=g} seems less
                  | pained.
 17256 | Lair:3   | You pick up a book of Dreams and begin reading...
 17256 | Lair:3   | You add the spells Spider Form and Anguish to your library.
 17395 | Lair:3   | your +1 executioner's axe of flaming {axerare=g} shrieks in
                  | agony.
 17400 | Lair:4   | your +1 executioner's axe of pain {axerare=g} shrieks in
                  | agony.
 17410 | Lair:4   | Reached skill level 5 in Transmutations
 17410 | Lair:4   | Reached ****** piety under Cheibriados
 17443 | Lair:4   | your +1 executioner's axe of flaming {axerare=g} seems less
                  | pained.
 18156 | Lair:4   | your +1 executioner's axe of flaming {axerare=g} shrieks in
                  | agony.
 18163 | Lair:4   | Reached skill level 6 in Spellcasting
 18163 | Lair:4   | Reached skill level 4 in Summonings
 18199 | Lair:4   | your +1 executioner's axe of flaming {axerare=g} seems less
                  | pained.
 18291 | Lair:4   | Identified the +1 leather armour of Pearphargh {Dex+6}
 18520 | Lair:4   | your +1 executioner's axe of flaming {axerare=g} shrieks in
                  | agony.
 18538 | Lair:4   | your +1 executioner's axe of flaming {axerare=g} seems less
                  | pained.
 18616 | Lair:4   | Found a staircase to the Shoals.
 18807 | Lair:4   | your +1 executioner's axe of flaming {axerare=g} shrieks in
                  | agony.
 18851 | Lair:4   | your +1 executioner's axe of flaming {axerare=g} seems less
                  | pained.
 18902 | Lair:4   | Reached skill level 5 in Translocations
 18966 | Lair:4   | your +1 executioner's axe of flaming {axerare=g} stops
                  | flaming.
 18966 | Lair:4   | You drop a +1 executioner's axe of flaming {axerare=g}.
 18967 | Lair:4   | L - a +1 executioner's axe of flaming {axerare=g}
 18991 | Lair:4   | Noticed Urug
 18995 | Lair:4   | your +1 executioner's axe of flaming {axerare=g} bursts
                  | into flame!
 18995 | Lair:4   | L - a +1 executioner's axe of flaming (weapon) {axerare=g}
 18996 | Lair:4   | your +1 executioner's axe of flaming {axerare=g} shrieks in
                  | agony.
 19002 | Lair:4   | Killed Urug
 19041 | Lair:4   | your +1 executioner's axe of flaming {axerare=g} seems less
                  | pained.
 19134 | Lair:4   | your +1 executioner's axe of flaming {axerare=g} shrieks in
                  | agony.
 19183 | Lair:4   | your +1 executioner's axe of flaming {axerare=g} seems less
                  | pained.
 19261 | Lair:4   | your +1 executioner's axe of flaming {axerare=g} shrieks in
                  | agony.
 19300 | Lair:4   | your +1 executioner's axe of flaming {axerare=g} seems less
                  | pained.
 19641 | Lair:4   | You add the spells Ignite Poison, Mephitic Cloud and
                  | Freezing Cloud to your library.
 19847 | Lair:5   | your +1 executioner's axe of flaming {axerare=g} shrieks in
                  | agony.
 19888 | Lair:5   | your +1 executioner's axe of flaming {axerare=g} seems less
                  | pained.
 20071 | Lair:5   | your +1 executioner's axe of flaming {axerare=g} shrieks in
                  | agony.
 20115 | Lair:5   | your +1 executioner's axe of flaming {axerare=g} seems less
                  | pained.
 20260 | Lair:5   | your +1 executioner's axe of flaming {axerare=g} shrieks in
                  | agony.
 20263 | Lair:5   | Reached skill level 7 in Spellcasting
 20272 | Lair:5   | Learned a level 5 spell: Summon Forest
 20308 | Lair:5   | your +1 executioner's axe of flaming {axerare=g} seems less
                  | pained.
 20349 | Lair:5   | Reached skill level 5 in Summonings
 20357 | Lair:5   | Reached skill level 6 in Translocations
 20666 | Lair:5   | Identified the +1 pair of boots of Exclusion {Dex+2}
 21097 | Lair:6   | Entered Level 6 of the Lair of Beasts
 21116 | Lair:6   | your +1 executioner's axe of flaming {axerare=g} shrieks in
                  | agony.
 21153 | Lair:6   | your +1 executioner's axe of flaming {axerare=g} seems less
                  | pained.
 21396 | Lair:6   | Reached skill level 16 in Invocations
 21398 | Lair:6   | Gained mutation: You resist negative energy. (rN+) [Deep
                  | Dwarf growth]
 21398 | Lair:6   | Reached XP level 14. HP: 105/121 MP: 10/25
 21584 | Lair:6   | Noticed Sonja
 21587 | Lair:6   | your +1 executioner's axe of flaming {axerare=g} shrieks in
                  | agony.
 21589 | Lair:6   | Killed Sonja
 21590 | Lair:6   | Reached skill level 8 in Spellcasting
 21598 | Lair:6   | Identified the +1 pair of gloves of Resonance {Rampage
                  | rElec rF+}
 21625 | Lair:6   | your +1 executioner's axe of flaming {axerare=g} seems less
                  | pained.
 21685 | Lair:6   | Found a staircase to the Slime Pits.
 21694 | Lair:6   | your +1 executioner's axe of flaming {axerare=g} shrieks in
                  | agony.
 21729 | Lair:6   | your +1 executioner's axe of flaming {axerare=g} seems less
                  | pained.
 22359 | Lair:6   | your +1 executioner's axe of flaming {axerare=g} shrieks in
                  | agony.
 22406 | Lair:6   | your +1 executioner's axe of flaming {axerare=g} seems less
                  | pained.
 22596 | Lair:6   | Reached skill level 7 in Translocations
 22619 | Lair:6   | Reached skill level 6 in Summonings
 23136 | Lair:6   | HP: 21/121 [large abomination (19)]
 23265 | Lair:6   | HP: 25/121 [smoke demon/divine providence (6)]
 23270 | Lair:6   | HP: 21/121 [smoke demon] (6)]
 23646 | D:7      | Reached skill level 9 in Spellcasting
 24251 | D:7      | your +1 executioner's axe of flaming {axerare=g} shrieks in
                  | agony.
 24297 | D:7      | your +1 executioner's axe of flaming {axerare=g} seems less
                  | pained.
 25309 | D:13     | your +1 executioner's axe of flaming {axerare=g} shrieks in
                  | agony.
 25356 | D:13     | your +1 executioner's axe of flaming {axerare=g} seems less
                  | pained.
 25953 | D:13     | Noticed Jorgrun
 25975 | D:13     | HP: 7/121 [Jorgrun/iron shot (38)]
 25983 | D:13     | Killed Jorgrun
 25984 | D:13     | Reached skill level 10 in Spellcasting
 25989 | D:13     | Learned a level 4 spell: Anguish
 26422 | D:14     | Noticed Rupert
 26422 | D:14     | Found a gate to the Vaults.
 26560 | D:13     | your +1 executioner's axe of flaming {axerare=g} shrieks in
                  | agony.
 26609 | D:13     | your +1 executioner's axe of flaming {axerare=g} seems less
                  | pained.
 26692 | D:13     | your +1 executioner's axe of flaming {axerare=g} shrieks in
                  | agony.
 26702 | D:14     | Reached skill level 7 in Summonings
 26702 | D:14     | Reached skill level 8 in Translocations
 26726 | D:14     | your +1 executioner's axe of flaming {axerare=g} seems less
                  | pained.
 27519 | D:14     | your +1 executioner's axe of flaming {axerare=g} shrieks in
                  | agony.
 27558 | D:14     | your +1 executioner's axe of flaming {axerare=g} seems less
                  | pained.
 27603 | D:14     | Reached skill level 9 in Translocations
 27966 | D:14     | Killed Rupert
 27967 | D:14     | Reached XP level 15. HP: 72/128 MP: 0/24
 28225 | D:15     | Entered Level 15 of the Dungeon
 28227 | D:15     | Noticed Josephine
 28234 | D:15     | Reached skill level 8 in Summonings
 28245 | D:14     | Killed Josephine
 28508 | D:15     | your +1 executioner's axe of flaming {axerare=g} shrieks in
                  | agony.
 28553 | D:15     | your +1 executioner's axe of flaming {axerare=g} seems less
                  | pained.
 28776 | D:15     | your +1 executioner's axe of flaming {axerare=g} shrieks in
                  | agony.
 28792 | D:15     | Reached skill level 7 in Fighting
 28816 | D:15     | your +1 executioner's axe of flaming {axerare=g} seems less
                  | pained.
 29111 | D:15     | Found a staircase to the Depths.
 29261 | D:15     | Found a sparkling altar of Nemelex Xobeh.
 29413 | D:15     | Identified the +1 shortbow "Damel" {vorpal, MP+9}
 29418 | D:15     | HP: 32/129 [yaktaur/bolt (6)]
 29419 | D:15     | HP: 1/129 [yaktaur/bolt (18)]
 29544 | D:12     | your +1 executioner's axe of flaming {axerare=g} shrieks in
                  | agony.
 29589 | D:12     | your +1 executioner's axe of flaming {axerare=g} seems less
                  | pained.
 29758 | D:12     | You pick up a book of the Tundra and begin reading...
 29758 | D:12     | You add the spells Hailstorm, Ice Form and Simulacrum to
                  | your library.
 30033 | D:2      | Bought a scroll of enchant weapon for 97 gold pieces
 30033 | D:2      | Bought a scroll of brand weapon for 260 gold pieces
 30033 | D:2      | your +1 executioner's axe of flaming {axerare=g} emits a
                  | brilliant flash of light!
 30033 | D:2      | L - a +1 vorpal executioner's axe (weapon) {axerare=g}
 30034 | D:2      | your +1 vorpal executioner's axe {axerare=g} glows red for
                  | a moment.
 30035 | D:2      | your +2 vorpal executioner's axe {axerare=g} glows red for
                  | a moment.
 30036 | D:2      | Bought a scroll of teleportation for 39 gold pieces
 30347 | Orc:2    | your +3 vorpal executioner's axe {axerare=g} shrieks in
                  | agony.
 30361 | Orc:2    | HP: 9/129 [orc knight/+0 glaive (26)]
 30369 | Orc:2    | Noticed an orc warlord
 30378 | Orc:2    | Reached skill level 17 in Invocations
 30382 | Orc:2    | your +3 vorpal executioner's axe {axerare=g} seems less
                  | pained.
 30565 | Orc:2    | Reached skill level 10 in Translocations
 30617 | Orc:2    | Gained mutation: Your body sometimes deteriorates upon
                  | taking damage. [a neqoxec]
 31363 | Orc:2    | your +3 vorpal executioner's axe {axerare=g} shrieks in
                  | agony.
 31386 | Orc:2    | Killed an orc warlord
 31406 | Orc:2    | your +3 vorpal executioner's axe {axerare=g} seems less
                  | pained.
 31420 | Orc:2    | Reached skill level 9 in Dodging
 31423 | Orc:2    | HP: 10/129 [orc knight/+0 war axe (20)]
 31424 | Orc:2    | HP: 3/129 [orc warrior/+0 halberd (9)]
 31645 | Orc:2    | Found Settak's General Store.
 31646 | Orc:2    | Found Tena's Jewellery Shop.
 31648 | Orc:2    | Found Nionet's Antique Armour Shop.
 31648 | Orc:2    | Found Epoilyr's Antique Weapon Boutique.
 31653 | Orc:2    | Bought a scroll of enchant armour for 82 gold pieces
 31653 | Orc:2    | Bought 2 potions of mutation for 176 gold pieces
 31665 | Orc:2    | Bought a warped long sword for 170 gold pieces
 31665 | Orc:2    | Identified the +8 long sword "Doth" {holy, Str+9} (You
                  | bought it in a shop on level 2 of the Orcish Mines)
 31666 | Orc:2    | Bought an encrusted short sword for 160 gold pieces
 31666 | Orc:2    | Identified the +4 short sword of Mimnus {protect, *Corrode
                  | Str+4 Dex+5} (You bought it in a shop on level 2 of the
                  | Orcish Mines)
 32057 | Shoals:1 | Entered Level 1 of the Shoals
 32170 | Shoals:1 | HP: 27/129 [faun/sling bullet (6)]
 32273 | Snake:1  | Entered Level 1 of the Snake Pit
 32282 | Lair:3   | HP: 32/129 [poisoned by a black mamba]
 32493 | Snake:1  | HP: 32/129 [naga sharpshooter/splash of poison (1)]
 32493 | Snake:1  | HP: 7/129 [shock serpent (9)]
 32495 | Snake:1  | Mangled by a naga sharpshooter

Vanquished Creatures
  Jorgrun (D:13)
  2 orc warlords (Orc:2)
  A very ugly thing (D:15)
  Josephine (D:14)
  Harold (D:10)
  4 hydras
  2 boulder beetles
  3 two-headed ogres
  2 centaur warriors
  2 orc high priests (Orc:2)
  A thrashing horror (Lair:6)
  Urug (Lair:4)
  A shock serpent (shapeshifter) (D:15)
  Pikel (D:6)
  4 orc knights
  A harpy (shapeshifter) (Lair:6)
  3 lindwurms
  3 deep elf pyromancers
  A wolf spider (D:15)
  13 ugly things
  5 orc sorcerers (Orc:2)
  3 manticores
  4 cyclopes
  2 merfolk sirens
  11 cane toads
  A guardian serpent (Snake:1)
  15 elephants
  9 black mambas
  A smoke demon (Lair:6)
  Maggie (D:6)
  2 kobold demonologists (D:12)
  8 komodo dragons
  2 rime drakes (Lair:4)
  2 tengu conjurers (D:12)
  3 trolls
  An ancient zyme (Lair:6)
  A merfolk (Lair:4)
  2 nameless horrors (Lair:6)
  A polar bear (Lair:6)
  23 blink frogs
  9 dream sheep
  11 slime creatures
  A spriggan (Lair:6)
  5 wraiths
  A spriggan (shapeshifter) (Lair:6)
  11 wyverns
  38 yaks
  A ynoxinul (Lair:6)
  3 shadows
  7 humans
  9 basilisks
  A steam dragon (D:7)
  13 vampire mosquitoes
  6 small abominations (Lair:6)
  2 chaos spawn (Lair:6)
  5 wargs
  Menkaure (D:5)
  2 acid dragons
  14 water moccasins
  2 large abominations (Lair:6)
  Duvessa (D:4)
  42 orc warriors
  3 ice beasts
  2 black bears
  A sky beast (D:6)
  6 centaurs
  7 ogres
  A kobold brigand (D:8)
  11 bullfrogs
  3 scorpions
  Dowan (D:4)
  An electric eel (Lair:4)
  3 howler monkeys
  30 orc priests
  A gnoll shaman (D:4)
  2 hounds
  Terence (D:2)
  2 iguanas
  33 orc wizards
  Robin (D:3)
  7 adders
  7 gnolls
  A river rat (D:4)
  A white imp (D:7)
  2 worms
  2 dart slugs
  109 orcs
  7 endoplasms
  20 goblins
  10 hobgoblins
  2 jackals (D:5)
  5 quokkas
  8 ball pythons
  5 bats
  5 frilled lizards
  15 kobolds
  7 rats
652 creatures vanquished.

Vanquished Creatures (collateral kills)
  Rupert (D:14)
  A very ugly thing (D:15)
  A rakshasa (D:15)
  A catoblepas (Lair:3)
  A centaur warrior (D:14)
  An orc high priest (Orc:2)
  Sonja (Lair:6)
  A large abomination (Lair:6)
  A glowing orange brain (D:15)
  An orc knight (D:14)
  4 ugly things (D:15)
  A cyclops (D:14)
  A faun (Shoals:1)
  2 manticores
  A merfolk siren (Shoals:1)
  A cane toad (Lair:5)
  A gargoyle (D:12)
  An efreet (D:14)
  A yaktaur (D:15)
  A merfolk (Shoals:1)
  4 slime creatures
  2 blink frogs
  2 dream sheep (Lair:5)
  2 wraiths (D:15)
  9 humans (D:14)
  4 orc warriors
  5 orc priests (Orc:2)
  An orc wizard (Orc:2)
  4 orcs (Orc:2)
57 creatures vanquished.

Vanquished Creatures (others)
  An orc (Orc:2)
  A bush (Lair:2)
  33 fungi
  39 plants
  19 snaplasher vines
93 creatures vanquished.

Grand Total: 802 creatures vanquished

Table legend:
 A = Non-vault XP
 B = Vault XP
 C = Vault XP percentage of total XP
 D = Non-vault monster count
 E = Vault monster count
 F = Vault count percentage of total count
                 A         B        C        D         E       F
            +---------+---------+-------+---------+---------+-------
      Total |   86549 |   48091 |  35.7 |     510 |     197 |  27.9
            +---------+---------+-------+---------+---------+-------
        D:1 |      45 |       0 |   0.0 |      27 |       0 |   0.0
        D:2 |      45 |      38 |  45.8 |      18 |       1 |   5.3
        D:3 |     148 |      39 |  20.9 |      26 |      13 |  33.3
        D:4 |     327 |     233 |  41.6 |      22 |       8 |  26.7
        D:5 |     425 |     157 |  27.0 |      13 |       1 |   7.1
        D:6 |     332 |    1091 |  76.7 |      11 |       2 |  15.4
        D:7 |    1045 |       0 |   0.0 |      17 |       0 |   0.0
        D:8 |    1676 |       0 |   0.0 |      18 |       0 |   0.0
        D:9 |     821 |    1540 |  65.2 |      11 |       7 |  38.9
       D:10 |    2625 |     905 |  25.6 |      21 |       1 |   4.5
       D:11 |    2847 |     672 |  19.1 |       9 |       9 |  50.0
       D:12 |    7193 |       0 |   0.0 |      34 |       0 |   0.0
       D:13 |    8541 |    2042 |  19.3 |      22 |       2 |   8.3
       D:14 |    4669 |    7784 |  62.5 |      12 |      21 |  63.6
       D:15 |    5741 |    7226 |  55.7 |      10 |      14 |  58.3
     Lair:1 |    3163 |       0 |   0.0 |      16 |       0 |   0.0
     Lair:2 |    4421 |       0 |   0.0 |      12 |       0 |   0.0
     Lair:3 |    6280 |    3093 |  33.0 |      22 |      10 |  31.2
     Lair:4 |    6156 |    1576 |  20.4 |      23 |       3 |  11.5
     Lair:5 |    7920 |       0 |   0.0 |      28 |       0 |   0.0
     Lair:6 |   12406 |    9096 |  42.3 |      36 |      30 |  45.5
   Shoals:1 |    2217 |       0 |   0.0 |       5 |       0 |   0.0
    Snake:1 |       0 |     918 | 100.0 |       0 |       2 | 100.0
      Orc:1 |    2793 |     611 |  17.9 |      36 |       1 |   2.7
      Orc:2 |    4713 |   11070 |  70.1 |      61 |      72 |  54.1
            +---------+---------+-------+---------+---------+-------

Illustrated notes

Table legend:
 A = Kills in this place as a percentage of kills in entire the game.
 B = Kills by you in this place as a percentage of kills by you in the entire game.
 C = Kills by friends in this place as a percentage of kills by friends in the entire game.
 D = Other kills in this place as a percentage of other kills in the entire game.
 E = Experience gained in this place as a percentage of experience gained in the entire game.
 F = Experience gained in this place divided by the number of levels of this place that you have seen.
                   A       B       C       D       E      F
               +-------+-------+-------+-------+-------+----------------------
         Total | 100.0 | 100.0 | 100.0 |   N/A | 100.0 | 5385.6
       Dungeon |  49.5 |  49.2 |  52.6 |   N/A |  43.2 | 3880.5
          Lair |  25.5 |  26.5 |  14.0 |   N/A |  40.2 | 9018.5
        Shoals |   0.7 |   0.2 |   7.0 |   N/A |   1.6 | 2217.0
     Snake Pit |   0.3 |   0.3 |   0.0 |   N/A |   0.7 | 918.0
  Orcish Mines |  24.0 |  23.8 |  26.3 |   N/A |  14.3 | 9593.5
               +-------+-------+-------+-------+-------+----------------------

Table legend: (Time is in decaauts)
 A = Elapsed time spent in this place.
 B = Non-inter-level travel time spent in this place.
 C = Inter-level travel time spent in this place.
 D = Time resting spent in this place.
 E = Time spent auto-exploring this place.
 F = Levels seen in this place.
 G = Mean time per level.
                   A        B        C        D        E       F      G
               +--------+--------+--------+--------+--------+-----+--------+
         Total |  45271 |  40824 |   4447 |   4686 |  30549 |  25 | 1810.8 |
       Dungeon |  27556 |  24132 |   3424 |   2669 |  18422 |  15 | 1837.1 |
          Lair |  12874 |  12152 |    722 |   1235 |   9319 |   6 | 2145.7 |
        Shoals |     15 |     15 |      0 |      0 |      0 |   1 |   15.0 |
     Snake Pit |      8 |      8 |      0 |      0 |      0 |   1 |    8.0 |
  Orcish Mines |   4816 |   4516 |    300 |    781 |   2807 |   2 | 2408.0 |
               +--------+--------+--------+--------+--------+-----+--------+

Top non-repeatable levels by time:
    D:13: 3020 daAuts
   Orc:2: 3014 daAuts
  Lair:4: 2983 daAuts
  Lair:6: 2850 daAuts
     D:7: 2738 daAuts
  Lair:3: 2717 daAuts
    D:12: 2531 daAuts
     D:5: 2491 daAuts
     D:9: 2487 daAuts
    D:10: 2356 daAuts
     D:4: 2354 daAuts
  Lair:5: 1888 daAuts
   Orc:1: 1802 daAuts
    D:11: 1686 daAuts
     D:8: 1636 daAuts
